Cogmind - Beta 9.6 @@@ ROGUE MODE // 2020.09.01 @ 20:31:53 Player: Finestep Result: Destroyed by 8R-AWN with 8R-AWN's Boregun Performance ------------- Evolutions (0) 0 Regions Visited (3) 600 Robots Destroyed (38) 190 Value Destroyed (443) 443 Prototype IDs (24) 480 Alien Tech Used (0) 0 Bonus (285) 285 TOTAL SCORE: 1998 Bonus ------- Aligned with FarCom 300 Friendly Fire -15 Cogmind --------- Core Integrity 0/250 Matter 245/300 Energy 100/100 System Corruption 0% Temperature Cool (0) Movement Treading (160) Location -10/Exiles Parts ------- > --- POWER (1) -------- (None) > --- PROPULSION (2) --- Light Treads > --- UTILITY (2) ------ Large Storage Unit > --- WEAPON (2) ------- Mining Claw Mining Claw > --- INVENTORY (10) --- Heavy Assault Rifle Heavy Assault Rifle Heavy Assault Rifle Heavy Assault Rifle Grenade Launcher Plasma Cutter Peak State ------------ > --- POWER ------------ Ion Engine > --- PROPULSION ------- Light Treads Light Treads > --- UTILITY ---------- Large Storage Unit Cloak of Protection > --- WEAPON ----------- Heavy Assault Rifle Plasma Cutter > --- INVENTORY -------- Ion Engine Light Treads Light Treads Light Treads Heavy Assault Rifle Heavy Assault Rifle Heavy Assault Rifle Grenade Launcher Mining Claw Mining Claw [Rating: 17] Favorites ----------- Power Ion Engine Engine Ion Engine Propulsion Light Treads Treads Light Treads Leg Improved Aluminum Leg Wheel Compact Wheel Utility Large Storage Unit Device Cloak of Protection Storage Large Storage Unit Weapon Assault Rifle Ballistic Gun Assault Rifle Launcher Grenade Launcher Special Weapon Plasma Cutter Slashing Weapon Mining Claw Build | -11 -10 -10 -10 ------- Run | Scr Mat Min Exi Slots Evolved . | . . . . Power . | . . . . Propulsion . | . . . . Utility . | . . . . Weapon . | . . . . Parts Attached 42 | 10 16 2 14 Power 3 | 1 1 . 1 Engine 3 | 1 1 . 1 Core . | . . . . Reactor . | . . . . Propulsion 15 | 6 4 . 5 Treads 9 | 2 2 . 5 Leg 4 | 2 2 . . Wheel 2 | 2 . . . Hover . | . . . . Flight . | . . . . Utility 4 | 1 2 . 1 Device 1 | . . . 1 Storage 3 | 1 2 . . Processor . | . . . . Hackware . | . . . . Protection . | . . . . Artifact . | . . . . Weapon 20 | 2 9 2 7 Energy Gun . | . . . . Energy Cannon . | . . . . Ballistic Gun 10 | 2 5 1 2 Ballistic Cannon . | . . . . Launcher 3 | . 1 1 1 Special Weapon 1 | . . . 1 Impact Weapon . | . . . . Slashing Weapon 6 | . 3 . 3 Piercing Weapon . | . . . . Special Melee Weapon . | . . . . Unidentified Prototypes . | . . . . Parts Lost 7 | . . . 7 Power 2 | . . . 2 Propulsion 4 | . . . 4 Utility 1 | . . . 1 Weapon . | . . . . Highest Loss Streak 7 | . . . 7 Average Slot Usage (%) 99 | . 99 100 98 Engine 13 | . 14 14 13 Treads 21 | . 13 28 27 Leg 6 | . 14 . . Storage 27 | . 27 28 26 Ballistic Gun 25 | . 25 28 25 Slashing Weapon 1 | . 2 . 1 Naked Turns . | . . . . Heaviest Build 42 | 11 42 41 41 Greatest Support 40 | 40 40 40 40 Greatest Overweight (x) 1 | . 1 1 1 Average Overweight (x) . | . . 1 . Largest Inventory Capacity 16 | 6 16 16 16 Average Capacity 14 | 5 14 16 15 Most Carried 16 | 6 16 16 16 Average Carried 14 | 3 14 15 13 Final Capacity 16 | 6 16 16 10 Final Carried 16 | 6 16 16 6 Class Distribution -------------------- 94% | Mutant 5% | Scavenger-Mutant Dominant Class ---------------- Mutant | -10/Materials Mutant | -10/Mines Mutant | -10/Exiles Resources | -11 -10 -10 -10 ----------- Run | Scr Mat Min Exi Matter Collected 868 | 264 408 96 100 Remotely . | . . . . Salvage Created 946 | 110 650 185 1 Parts 63 | 4 47 12 . Haulers Intercepted 2 | . 2 . . Recyclers Shooed 4 | . 4 . . Parts Field Recycled . | . . . . Retrieved Matter . | . . . . Parts Self-Destructed . | . . . . Prevented . | . . . . Kills | -11 -10 -10 -10 ------- Run | Scr Mat Min Exi Combat Hostiles Destroyed 23 | . 11 5 7 Guns 17 | . 11 4 2 AOE 6 | . . 1 5 Classes Destroyed 8 | 3 4 . 1 Worker 5 | 1 4 . . Tunneler 2 | 1 1 . . Hauler 2 | . 2 . . Recycler 4 | 1 2 1 . Watcher 2 | . 2 . . Swarmer 9 | . 6 3 . Grunt 7 | . 5 2 . Assembled 7 | . . . 7 Best Kill Streak 7 | 1 7 3 7 Combat Bots Only 7 | . 4 3 7 Max Kills in Single Turn 3 | 1 2 1 3 Gunslinging . | . . . . Exploded 3 | . . 1 3 Melee . | . . . . Uniques/NPCs Destroyed . | . . . . Combat | -11 -10 -10 -10 -------- Run | Scr Mat Min Exi Damage Taken 1656 | . 358 124 1174 Core 261 | . 70 27 164 Absorbed by Shields . | . . . . Core Remaining (%) 100 | 100 . . . Volleys Fired 122 | 19 80 10 13 Largest 2 | 2 2 2 1 Hottest 40 | 40 40 40 30 Shots Fired 227 | 38 158 18 13 Gun 218 | 38 156 16 8 Cannon . | . . . . Launcher 6 | . 2 2 2 Special 3 | . . . 3 Kinetic 218 | 38 156 16 8 Thermal 3 | . . . 3 Explosive 6 | . 2 2 2 Electromagnetic . | . . . . Robot Hit Streak 14 | 7 14 5 4 Robot Miss Streak 5 | 2 5 1 2 Penetration Max . | . . . . Secondary Targets 4 | . 2 2 . Max Gunslinging Chain 1 | . 1 1 . Shots Hit Robots 160 | 24 94 11 31 Core Hits 76 | 7 42 10 17 Critical Hits 1 | . 1 . . Critical Kills . | . . . . Critical Parts Destroyed 1 | . 1 . . Melee Attacks 45 | . 14 . 31 Impact . | . . . . Slashing 45 | . 14 . 31 Piercing . | . . . . Sneak Attacks . | . . . . Combat Hostiles . | . . . . Follow-up Attacks 2 | . . . 2 Damage Inflicted 2309 | 183 735 264 1127 Guns 1150 | 183 735 156 76 Cannons . | . . . . Explosions 583 | . . 108 475 Melee 541 | . . . 541 Ramming . | . . . . Kinetic 1150 | 183 735 156 76 Thermal 35 | . . . 35 Explosive 583 | . . 108 475 Electromagnetic . | . . . . Impact . | . . . . Slashing 541 | . . . 541 Piercing . | . . . . Highest Corruption . | . . . . Average Corruption . | . . . . Corruption Purged . | . . . . Overload Shots . | . . . . Overflow Damage 15 | . . . 15 Projectiles . | . . . . Explosions 15 | . . . 15 Melee . | . . . . Knockbacks . | . . . . Impact . | . . . . Kinetic . | . . . . Secondary . | . . . . Self-Inflicted Damage . | . . . . Shots . | . . . . Rammed . | . . . . Targets Rammed . | . . . . Kicked . | . . . . Crushed . | . . . . Highest Temperature 18 | . 18 . 15 Average Temperature 9 | . 10 . 8 Received Heat Transfer 201 | . 117 24 60 Siege Activations . | . . . . Robots Corrupted . | . . . . Combat Hostiles . | . . . . Parts Fried . | . . . . Impact Corruptions . | . . . . Robots Melted . | . . . . Combat Hostiles . | . . . . Parts Melted . | . . . . Heat Transferred 27 | . . . 27 Parts Sabotaged . | . . . . Parts Stolen . | . . . . Parts Stripped . | . . . . Power Chain Reactions . | . . . . Missiles Intercepted . | . . . . Alert | -11 -10 -10 -10 ------- Run | Scr Mat Min Exi Peak Influence 272 | 15 272 98 . Average Influence 82 | 5 102 44 . Maximum Alert Level 1 | . 1 . . Low Security (%) 98 | 100 98 100 . Level 1 1 | . 1 . . Level 2 . | . . . . Level 3 . | . . . . Level 4 . | . . . . Level 5 . | . . . . High Security . | . . . . Max Security . | . . . . Squads Dispatched 2 | . 2 . . Investigation 2 | . 2 . . Extermination . | . . . . Reinforcement . | . . . . Assault . | . . . . Garrison . | . . . . Intercept . | . . . . Construction Impeded . | . . . . Haulers Reinforced . | . . . . Stealth | -11 -10 -10 -10 --------- Run | Scr Mat Min Exi Distress Signals 3 | . 3 . . Communications Jammed . | . . . . Distress Signals . | . . . . Times Spotted 35 | . 22 5 8 Peak Tracking Total 6 | . 3 3 6 Tactical Retreats 3 | . 3 . . Traps | -11 -10 -10 -10 ------- Run | Scr Mat Min Exi Traps Triggered . | . . . . Indirectly . | . . . . Trap Hack Attempts . | . . . . Triggered . | . . . . Disarmed . | . . . . Reprogrammed . | . . . . Reused 1 | . . . 1 Traps Extracted . | . . . . Installed 2 | . . . 2 Triggered . | . . . . Machines | -11 -10 -10 -10 ---------- Run | Scr Mat Min Exi Machines Disabled 4 | . 1 . 3 Max in Single Turn 2 | . 1 . 2 Machines Sabotaged . | . . . . Garrisons Compromised . | . . . . Overloaded Fab Kills . | . . . . Fab Network Shutdowns . | . . . . Hacking | -11 -10 -10 -10 --------- Run | Scr Mat Min Exi Machines Accessed 8 | . 6 . 2 Terminals 4 | . 4 . . Fabricators . | . . . . Repair Stations . | . . . . Recycling Units 2 | . 2 . . Scanalyzers . | . . . . Garrison Access . | . . . . Total Hacks 20 | . 15 . 5 Successful 14 | . 9 . 5 Failed 6 | . 6 . . Catastrophic 1 | . 1 . . Database Lockouts . | . . . . Manual 14 | . 13 . 1 Terminals 13 | . 13 . . Fabricators . | . . . . Repair Stations . | . . . . Recycling Units 2 | . 2 . . Scanalyzers . | . . . . Garrison Access . | . . . . Terminal Hacks 11 | . 6 . 5 Record 4 | . . . 4 Robot Analysis 3 | . 3 . . Prototype ID Bank 1 | . 1 . . Hauler Manifests 1 | . 1 . . Zone Layout 1 | . 1 . . EX-Prototype ID Bank 1 | . . . 1 Fabricator Hacks . | . . . . Repair Station Hacks . | . . . . Recycling Unit Hacks . | . . . . Scanalyzer . | . . . . Garrison Access Hacks . | . . . . Unauthorized Hacks 3 | . 3 . . Terminals 1 | . 1 . . Track 1 | . 1 . . Fabricators . | . . . . Repair Stations . | . . . . Recycling Units 2 | . 2 . . Tunnel 2 | . 2 . . Scanalyzers . | . . . . Garrison Access . | . . . . Data Cores Recovered . | . . . . Used . | . . . . Hacking Detections 4 | . 4 . . Full Trace Events . | . . . . Feedback Events . | . . . . Feedback Blocked . | . . . . Robot Schematics Acquired . | . . . . Robots Built . | . . . . Matter . | . . . . Time . | . . . . Total Robot Build Rating . | . . . . Part Schematics Acquired . | . . . . Parts Built . | . . . . Matter . | . . . . Time . | . . . . Total Part Build Rating . | . . . . Parts Repaired . | . . . . Time . | . . . . Parts Recycled . | . . . . Recycled Matter . | . . . . Retrieved Matter . | . . . . Retrieved Components . | . . . . Parts Scanalyzed . | . . . . Part Schematics Acquired . | . . . . Parts Damaged . | . . . . Bothacking | -11 -10 -10 -10 ------------ Run | Scr Mat Min Exi Used RIF Installer . | . . . . Robots Hacked . | . . . . Non-combat . | . . . . Combat . | . . . . Robot Hacks Applied . | . . . . Relay Couplers Released . | . . . . Robots Rewired . | . . . . Allies Hacked . | . . . . Hacks Repelled . | . . . . Allies | -11 -10 -10 -10 -------- Run | Scr Mat Min Exi Total Allies 2 | . . 2 . Largest Group 2 | . . 2 2 Highest-Rated Group 52 | . . 52 52 Highest-Rated Ally 31 | . . 31 31 Total Orders . | . . . . Ally Attacks . | . . . . Total Damage . | . . . . Kills . | . . . . Allies Corrupted . | . . . . Allies Melted . | . . . . Intel | -11 -10 -10 -10 ------- Run | Scr Mat Min Exi Robot Analysis Total 3 | . 3 . . Derelict Logs Recovered 1 | . . 1 . Drone Launches . | . . . . Drone Recoveries . | . . . . Exploration | -11 -10 -10 -10 ------------- Run | Scr Mat Min Exi Turns Passed 3927 | 143 1624 598 1562 Spaces Moved 1937 | 55 786 312 784 Core 1 | 1 . . . Treads 1517 | 30 391 312 784 Legs 411 | 16 395 . . Wheels 8 | 8 . . . Hover . | . . . . Flight . | . . . . Fastest Speed 50 | 50 120 180 160 Average Speed 170 | 136 160 180 179 Slowest Speed 180 | 160 180 180 180 Overloaded Moves . | . . . . Propulsion Burnouts . | . . . . Robots Hopped . | . . . . Cave-ins Triggered . | . . . . Exploration Rate (%) 63 | 5 89 72 88 Regions Visited 3 Branch Regions 2 Pre-discovered Areas 3 | . 2 . 1 Known Exits Taken . | . . . . Unknown Exits Taken 3 | 1 1 1 . Scrap Searched 1 | . . 1 . Spaces Dug 15 | . 9 6 . Terrain Destroyed 47 | . 26 12 9 Melee 9 | . 9 . . Projectile . | . . . . AOE 38 | . 17 12 9 Actions | -11 -10 -10 -10 --------- Run | Scr Mat Min Exi Total 2284 | 89 995 331 869 Wait 72 | . 63 4 5 Move 1934 | 54 785 311 784 Hop . | . . . . Pick Up 33 | 2 19 2 10 Fast Attach 13 | 10 3 . . Attach 5 | . . . 5 Detach 4 | 4 . . . Swap 24 | . 13 2 9 Drop 32 | . 18 2 12 Fire 122 | 19 80 10 13 Melee 43 | . 14 . 29 Ram . | . . . . Kick . | . . . . Crush . | . . . . Escape Stasis . | . . . . Rewire . | . . . . Trap 2 | . . . 2 Miscellaneous . | . . . . Route ------- -11/Scrapyard -10/Materials (discovered 5 exits: [*Mat x3] / [*Min x2]) -10/Mines (discovered 2 exits: [*Mat] / *Exi) -10/Exiles (discovered 1 exit: [*Min]) History --------- Turn | Location | Event 12 | -11/Scrapyard | Discovered new exit (range 15) 144 | -11/Scrapyard | Entered Materials 339 | -10/Materials | Build established: Mutant 389 | -10/Materials | Discovered new exit (range 16) 514 | -10/Materials | Discovered new exit (range 16) 550 | -10/Materials | Discovered new exit (range 16) 1088 | -10/Materials | Discovered new exit (range 10) 1164 | -10/Materials | Discovered new exit (range 15) 1768 | -10/Materials | Entered Mines 1807 | -10/Mines | Discovered new exit (range 5) 1807 | -10/Mines | Found a hidden stash of uninstalled traps 2029 | -10/Mines | Learned Materials garrison access intel 2357 | -10/Mines | Deemed a non-threat by the Exiles lab entrance 2357 | -10/Mines | Discovered new exit (range 5) 2366 | -10/Mines | Entered Exiles 2366 | -10/Exiles | Accompanied by 2 allies 2396 | -10/Exiles | Led the pair of lost Derelicts to a safe place 2411 | -10/Exiles | Met 8R-AWN 2440 | -10/Exiles | Met EX-HEX 2619 | -10/Exiles | Discovered new exit (range 15) 2745 | -10/Exiles | Met EX-BIN 2781 | -10/Exiles | Learned location of Zion (-6) 2851 | -10/Exiles | Aligned with FarCom system 2853 | -10/Exiles | Given EX-Vault access code 2896 | -10/Exiles | Opened EX-Vault 2910 | -10/Exiles | Found Cloak of Protection 2951 | -10/Exiles | Warned to stay clear of 0b10 Research branches 3005 | -10/Exiles | Met EX-DEC 3062 | -10/Exiles | Visited The Gauntlet 3799 | -10/Exiles | Attacked by the Exiles 3840 | -10/Exiles | Destroyed 7 combat bots 3865 | -10/Exiles | Core integrity fell below 50% 3907 | -10/Exiles | Core integrity fell below 20% 3928 | -10/Exiles | Destroyed by 8R-AWN with 8R-AWN's Boregun Last Messages --------------- 03860_ Penetrated by HV Slug. 03863_ Destroyed Prototype Protection. 03864_ Penetrated by HV Slug. 03881_ Critical hit. 03881_ Lgt. Treads destroyed. 03881_ Penetrated by HV Slug. 03881_ Ion Engine destroyed. 03885_ Penetrated by HV Slug. 03889_ HV Slug penetrates Wall. 03889_ Penetrated by HV Slug. 03889_ HV Slug penetrates Wall. 03894_ Penetrated by HV Slug. 03906_ Lgt. Treads destroyed. 03906_ Penetrated by HV Slug. 03914_ Mining Claw follow-up attack on 8R-AWN. 03915_ Penetrated by HV Slug. 03919_ HV Slug penetrates Wall. 03919_ Penetrated by HV Slug. 03926_ Mining Claw follow-up attack on 8R-AWN. 03928_ Penetrated by HV Slug. Map ----- +----------------------------------------------------+ | """#?????????????????????????????????????? | | """#?????????????????????????????????????? | | """"?????????????????????????????????????? | | """#?????????????????????????????????????? | | "X" """??????????????????????????????????????? | | """ ??????????????????????????????????????? | | """""""""??????????????????????????????????????? | | ##########??????????????????????????????????????? | | #???????????????????????????????????????????????? | | #???????????????????????????????????????????????? | | ##??????????????????????????????????????????????? | | ##???####"######???????????????????????????????? | | #####"""" """"##??????????????????????????????? | | " "" """"##?????????????????????????????? | | " #?????????????????????????????? | | """#?????????????????????????????? | | a"#???????????#####?????????????? | | " "##?????????##" #?????????????? | | "###???????#" #?????????????# | | = "#??????##" ##????????????# | | " ! #????### ###????????### | | ##""" ! [ ##???# ########## | | ?##""" [ !##?## #""""## | | ??#"""" ! ##; | | ?##"" ## | | ##"""" @ #### | | "" g ""#?#"""""#### | | #"""##?#######??#### | | ######??????????????##### | | ##???????????????????????# | | " ##????????????????????????? | | "" " "#?????????????????????????? | | #""" " " ""#" ##?????????????????????????? | | #####""" """##" #??????????????????????????? | | ????###""""#### ???????????????????????????? | | ###???######??########???????????????????????????? | | " #??????????????????????????????????????????????? | | #??????????????????????????????????????????????? | | "#??????????????????????????????????????????????? | | !"#??????????????????????????????????????????????? | | ###??????????????????????????????????????????????? | | ?????????????????????????????????????????????????? | | ?????????????????????????????????????????????????? | | ?????????????????????????????????????????????????? | | ?????????????????????????????????????????????????? | | ?????????????????????????????????????????????????? | | ?????????????????????????????????????????????????? | | ?????????????????????????????????????????????????? | | ?????????????????????????????????????????????????? | | ?????????????????????????????????????????????????? | +----------------------------------------------------+ Best States ------------- Heat Dissipation 25 Energy Generation 10 Energy Capacity 250 Matter Stores 300 Matter Capacity 300 Sight Range 16 Terrain Scan Density 10 Cloak Strength 5 Evasion (%) 42 Recoil Reduction 2 Item Schematics ----------------- None Robot Schematics ------------------ None Fabricated ------------ Nothing Alien Tech Used ----------------- None Achievements -------------- None Challenges ------------ None Game ------ Seed MediumIonicWheel Manual? 0 Play Time 00:14:50 Cumulative 440.4 hours Start 2020.09.01 @ 20:17:12 End 2020.09.01 @ 20:31:53 Sessions 1 Manual Loads 0 Difficulty Rogue Special Mode None Game No. 297 Rogue 297 Adventurer 0 Explorer 0 Win Type - Total 4 Types 4/0/0/0/0/0/0 Lore% 86 Gallery% 87 Achievement% 66 Wizard Run 0 Options --------- ASCII 0 Keyboard 0 Movement Mouse Keybinds 1 Fullscreen 2 Font 24/Smallcaps Map View 76x50 Tactical HUD 1 Map Filters NONE Filters NONE Steam 1 RUN: ce1a6c8b-1c15-40df-85e2-aaa24587027d